 Dungeon Crawl Stone Soup version 0.31.0 (webtiles) character file.

Game seed: 14997803871224905433

103 ces the Sneak (level 4, -1/21 HPs)
             Began as a Spriggan Enchanter on Jan 20, 2024.
             Succumbed to an adder's poison
             ... on level 2 of the Dungeon.
             The game lasted 00:07:41 (2596 turns).

ces the Sneak (Spriggan Enchanter)                  Turns: 2596, Time: 00:07:41

Health: -1/21      AC:  2    Str:  4    XL:     4   Next: 51%
Magic:  2/10       EV: 18    Int: 16    God:
Gold:   119        SH:  0    Dex: 17    Spells: 8/10 levels left

rFire   . . .        a - +1 dagger
rCold   . . .        (no shield)
rNeg    . . .        b - +0 robe
rPois   .            (helmet restricted)
rElec   .            (no cloak)
rCorr   .            (gloves unavailable)
SInv    +            (boots unavailable)
Will    .....        (no amulet)
Stlth   +++          (no ring)
HPRegen 0.23/turn    (no ring)
MPRegen 0.12/turn

%: no passive effects
@: lethally poisoned (-1 -> -10), attractive, invisible, very quick
A: very small, no large weapons, unfitting armour, see invisible, speed 3
a: no special abilities


You were on level 2 of the Dungeon.
You visited 1 branch of the dungeon, and saw 3 of its levels.

You collected 119 gold pieces.

Inventory:

Hand Weapons
 a - a +1 dagger (weapon)
Armour
 b - a +0 robe (worn)
Jewellery
 d - a +4 ring of slaying
 m - an amulet of reflection
 p - a +5 ring of evasion
Scrolls
 e - a scroll of poison {unknown}
 f - a scroll of identify {unknown}
 h - a scroll of blinking {unknown}
 i - 3 scrolls of teleportation {unknown}
 j - a scroll of enchant weapon {unknown}
 k - a scroll of acquirement {unknown}
 n - a scroll of vulnerability {unknown}
Potions
 c - a potion of invisibility
 g - a potion of attraction
 l - a potion of berserk rage {unknown}
 o - a potion of degeneration {unknown}


   Skills:
 + Level 2.1 Short Blades
 + Level 3.5 Dodging
 * Level 5.9 Stealth
 + Level 3.5 Spellcasting
 + Level 4.2 Hexes


You had 8 spell levels left.
You knew the following spells:

 Your Spells              Type           Power      Damage    Failure   Level
a - Ensorcelled Hibernat  Hex/Ice        18%        N/A       12%         2

Your spell library contained the following spells:

 Spells                   Type           Power      Damage    Failure   Level
 Confusing Touch          Hex            16%        N/A       10%         3
 Tukima's Dance           Hex            16%        N/A       10%         3
 Dazzling Flash           Conj/Hex       18%        N/A       22%         3
 Scorch                   Fire           4%         2d5       26%         2
 Ozocubu's Armour         Ice            2%         N/A       47%         3
 Flame Wave               Conj/Fire      2%         2d4       87%         4
 Metabolic Englaciation   Hex/Ice        4%         N/A       91%         5
 Sculpt Simulacrum        Ice/Alch       1%         N/A       100%        6
 Summon Cactus Giant      Summ           1%         N/A       100%        6


Dungeon Overview and Level Annotations

Branches:
Dungeon (3/15)

Altars:


Innate Abilities, Weirdness & Mutations

You are very small and have problems with some larger weapons.
You are too small for most types of armour.
You have supernaturally acute eyesight. (SInv)
You cover ground extremely quickly. (Speed+++)


Message History

An adder is nearby!
Casting: Ensorcelled Hibernation (safe; 12% risk of failure)
Confirm with . or Enter, or press ? or * to list all spells.
Aiming: Ensorcelled Hibernation (safe; 12% risk of failure)
Press: ? - help, Shift-Dir - straight line, f - adder
Aim: an adder (wandering, hasn't noticed you, chance to affect: 51%)
The adder hisses angrily.
The adder resists with significant effort.
Casting: Ensorcelled Hibernation (safe; 12% risk of failure)
Confirm with . or Enter, or press ? or * to list all spells.
Aiming: Ensorcelled Hibernation (safe; 12% risk of failure)
Press: ? - help, Shift-Dir - straight line, f/p - adder
Aim: an adder (chance to affect: 51%)
The adder resists with significant effort.
Casting: Ensorcelled Hibernation (safe; 12% risk of failure)
Confirm with . or Enter, or press ? or * to list all spells.
Aiming: Ensorcelled Hibernation (safe; 12% risk of failure)
Press: ? - help, Shift-Dir - straight line, f/p - adder
Aim: an adder (chance to affect: 51%)
The adder resists with significant effort.
You hit the adder.
The adder is lightly wounded.
The adder bites you.
You are poisoned.
The adder poisons you!
You barely miss the adder.
The adder is lightly wounded.
You feel sick. The adder barely misses you.
You hit the adder.
The adder is moderately wounded.
You feel sick. The adder bites you.
* * * LOW HITPOINT WARNING * * *
It was a potion of attraction.
You feel attractive to monsters.
You feel sick. The adder bites you.
* * * LOW HITPOINT WARNING * * *
You are more poisoned.
The adder poisons you!
You fade into invisibility!
You die...

##..##.###.# ####.######......
....#...##.########...####.......
.............)...........).......
.###.......#####.......###.......
## #.#.##### #.......# ##..>... #
#.### #.###.#.# ##..... #.# #.#
#.#.# ##...# #.# #S# ..#.# ##'##
#.# #@##.##.# #####.## ####.#
#.).....# #....... ...#.#
#.......# #.###.## ##.#.#
####.#### #.##...# #.#.# .#
####.#..... ##.#.# # #.........#
.....# #.###.##.###.#. ##.###
#........# #.#. ...# #####.####
#.#.


You could see an adder (unable to see you).

Vanquished Creatures
  4 gnolls (D:2)
  An adder (D:2)
  3 dart slugs
  6 orcs
  2 endoplasms
  A giant cockroach (D:2)
  2 goblins (D:1)
  3 hobgoblins
  3 jackals (D:1)
  A quokka (D:3)
  7 ball pythons
  6 bats
  A frilled lizard (D:2)
  4 kobolds
  3 rats
47 creatures vanquished.

Notes
Turn   | Place    | Note
-------+----------+-------------------------------------------
     0 | D:1      | ces the Spriggan Enchanter began the quest for the Orb.
     0 | D:1      | Reached XP level 1. HP: 9/9 MP: 5/5
   383 | D:1      | Found a faded altar of an unknown god.
   454 | D:1      | Reached XP level 2. HP: 13/13 MP: 6/6
   574 | D:1      | Learned a level 2 spell: Ensorcelled Hibernation
   923 | D:2      | Reached skill level 5 in Stealth
  1101 | D:2      | Reached XP level 3. HP: 16/16 MP: 5/8
  2056 | D:2      | Reached XP level 4. HP: 21/21 MP: 9/9
  2595 | D:2      | HP: 1/21 [adder (4)]
  2596 | D:2      | Succumbed to an adder's poison

Illustrated notes

Levels and vault maps discovered:
D:1:      amcnicky_arrival_abandoned_market, layout_basic,
          shapermc_ecumenical_altar_mp_ritualfount, hangedman_glass_garden
D:2:      layout_loops_corners, corexii_shack, uniq_terence
D:3:      layout_loops_ring, chequers_mini_garden

Skill      XL: |  1  2  3  4 |
---------------+-------------+-----
Dodging        | 3 |  3.5
Stealth        | 5 |  5.9
Spellcasting   | 3 |  3.5
Hexes          | 4 |  4.2
Short Blades   | 2 |  2.1

Action                     |  1- 3 |  4- 6 || total
---------------------------+-------+-------++-------
  Melee: Dagger            |   119 |    30 ||   149
         Punch             |     1 |       ||     1
   Cast: Ensorcelled Hiber |    20 |    11 ||    31
    Use: Scroll            |     2 |       ||     2
         Potion            |       |     2 ||     2
   Stab: Sleeping          |    17 |     6 ||    23
 Armour: Robe              |    41 |     7 ||    48
  Dodge: Dodged            |   110 |    18 ||   128
